 Dungeon Crawl Stone Soup version 0.28.0-45-g0d030f2227 (webtiles) character file.

Game seed: 11922237168321579624

16 101zpm the Magician (level 2, -1/21 HPs)
             Began as a Djinni Ice Elementalist on Apr 20, 2022.
             Slain by a jackal (2 damage)
             ... on level 2 of the Dungeon.
             The game lasted 00:04:55 (1095 turns).

101zpm the Magician (Djinni Ice Elementalist)       Turns: 1095, Time: 00:04:56

Health: -1/21      AC:  2    Str:  7    XL:     2   Next: 70%
Gold:   11         EV: 12    Int: 16    God:
                   SH:  0    Dex: 13

rFire   + + .      SeeInvis .   c - +0 short sword
rCold   x . .      Faith    .   (no shield)
rNeg    . . .      Spirit   .   a - +0 robe
rPois   ∞          Reflect  .   (no helmet)
rElec   .          Harm     .   (no cloak)
rCorr   .          Rampage  .   (no gloves)
Will    .....                   (boots unavailable)
Stlth   ++........              (no amulet)
HPRegen 0.07/turn               (no ring)
MPRegen 0.00/turn               (no ring)

@: flying
A: sickness immunity, fire resistance 2, cold vulnerability 1, float, innate
caster, HP casting, extra vitality 1
a: no special abilities


You were on level 2 of the Dungeon.
You visited 1 branch of the dungeon, and saw 4 of its levels.

You collected 11 gold pieces.

Inventory:

Hand Weapons
 c - a +0 short sword (weapon)
 e - the +8 hand crossbow of Famine {elec, rF+ Str-2 Dex+4}
   (You found it on level 3 of the Dungeon)

   Any ammunition fired from it occasionally discharges a powerful burst of
   electricity upon striking a foe.
   Str:       It affects your strength (-2).
   Dex:       It affects your dexterity (+4).
   rF:        It protects you from fire.
Missiles
 d - 4 poisoned darts
Armour
 a - a +0 robe (worn)
Jewellery
 g - a +6 ring of intelligence
Scrolls
 b - a scroll of fear {unknown}
 f - a scroll of noise {unknown}


   Skills:
 + Level 0.5 Short Blades
 + Level 2.2 Dodging
 + Level 1.7 Stealth
 + Level 3.6 Spellcasting


You couldn't memorise any spells.
You knew the following spells:

 Your Spells              Type           Power      Damage    Failure   Level
a - Freeze                Ice            56%        1d7       4%          1
b - Frozen Ramparts       Ice            28%        1d4       12%         3
c - Ozocubu's Armour      Ice            14%        N/A       12%         3
d - Hailstorm             Conj/Ice       14%        3d5       36%         4
Your spell library was empty.

Dungeon Overview and Level Annotations

Branches:
Dungeon (4/15)
 Temple: D:4-7

Altars:

Annotations:
D:2 Robin


Innate Abilities, Weirdness & Mutations

You are immune to sickness and miasma.
You are immune to poison.
Your flesh is very heat resistant. (rF++)
You are vulnerable to cold. (rC-)
You float through the air rather than walking.
You learn spells naturally, not from books.
Your magical power is your life essence.
You have superior vitality. (+4 MHP)


Message History

You freeze the jackal.
The jackal is almost dead.
The jackal bites you. The jackal barely misses you. x2
Aiming: Freeze (safe; 4% risk of failure)
Press: ? - help, Q - select action, (/) - cycle Shift-Dir - straight line, f - jackal, p - jackal
Aim: a jackal You freeze the jackal.
The jackal is lightly wounded.
The jackal bites you. The jackal misses you. The jackal barely misses you.
Aiming: Freeze (safe; 4% risk of failure)
Press: ? - help, Q - select action, (/) - cycle Shift-Dir - straight line, f/p - jackal
Aim: a jackal (lightly wounded)
You freeze the jackal.
The jackal is almost dead.
The jackal misses you. The jackal bites you.
You hit the jackal but do no damage. Your punch misses the jackal.
The jackal is almost dead.
The jackal misses you. The jackal bites you. x2
The jackal closely misses you.
You hit the jackal but do no damage.
The jackal is almost dead.
The jackal closely misses you. The jackal misses you.
You barely miss the jackal.
The jackal is severely wounded.
The jackal bites you.
* * * LOW HITPOINT WARNING * * *
The jackal barely misses you. The jackal completely misses you.
Aiming: Freeze (safe; 4% risk of failure)
Press: ? - help, Q - select action, (/) - cycle Shift-Dir - straight line, f/p - jackal
Aim: a jackal (heavily wounded)
You freeze the jackal.
The jackal is almost dead.
* * * LOW HITPOINT WARNING * * *
The jackal bites you.
* * * LOW HITPOINT WARNING * * *
The jackal bites you.
* * * LOW HITPOINT WARNING * * *
The jackal barely misses you. The jackal bites you.
You die...

....h...##h.#
#.# #h#.#
............#
#.# #.#.#
####.#g##.##
#.# #.#.#
#g##.# #.#
#.#.# #.##.#
#.# #.#.#
#g##.#
#g#####.#.#
#g##.#
#.......g.#
####.#h##.#
#######.###
.......h@..#
#.#
........####
### #####.###
##


You could see 2 jackals, a hobgoblin and 3 goblins.

Vanquished Creatures
  A dart slug (D:2)
  3 endoplasms
  2 giant cockroaches
  2 jackals (D:2)
  A kobold (D:2)
  2 ball pythons (D:2)
  A rat (D:3)
12 creatures vanquished.

Notes
Turn   | Place    | Note
-------+----------+-------------------------------------------
     0 | D:1      | 101zpm the Djinni Ice Elementalist began the quest for the
                  | Orb.
     0 | D:1      | Reached XP level 1. HP: 15/15 MP: 0/0
    18 | D:1      | You are sucked into a shaft and drop 1 floor!
   213 | D:4      | Reached XP level 2. HP: 2/21 MP: 0/0
   224 | D:3      | Identified the +8 hand crossbow of Famine {elec, rF+ Str-2
                  | Dex+4}
   985 | D:2      | Noticed Robin
  1094 | D:2      | HP: 1/21 [jackal (3)]
  1095 | D:2      | Slain by a jackal

Illustrated notes

Levels and vault maps discovered:
D:1:      lightli_arrival_isolated_outpost, layout_loops_ring
D:2:      layout_basic, amcnicky_mini_corridor_feature, uniq_robin
D:3:      layout_basic, dreamdust_ecumenical_altar_hidden_monk_grotto,
          nrook_campfire
D:4:      layout_basic

Action                   || total
-------------------------++-------
Melee: Short sword       ||    12
 Cast: Freeze            ||    25
Armor: Robe              ||     5
Dodge: Dodged            ||    39
